 Seeded DCSS version 0.29.1-14-g9c671dbff4 (webtiles) character file.

Game seed: 20230211 (custom seed)

1271 ueste the Caller (level 8, -1/46 HPs)
             Began as a Merfolk Summoner on Feb 12, 2023.
             Was a Follower of Hepliaklqana.
             Slain by a troll (6 damage)
             ... on level 6 of the Dungeon on Feb 13, 2023.
             The game lasted 01:22:10 (11439 turns).

ueste the Caller (Merfolk Summoner)                Turns: 11439, Time: 01:22:11

Health: -1/46      AC:  3    Str:  8    XL:     8   Next: 53%
Magic:  15/15      EV: 14    Int: 23    God:    Hepliaklqana [*.....]
Gold:   351        SH:  0    Dex: 14    Spells: 5/17 levels left

rFire   . . .      SeeInvis .   s - +1 short sword (drain)
rCold   . . .      Faith    .   (no shield)
rNeg    + . .      Spirit   .   a - +0 robe
rPois   .          Reflect  .   (no helmet)
rElec   .          Harm     .   o - scarf {repulsion}
rCorr   .          Rampage  .   i - +0 pair of gloves
Will    .....                   (no boots)
Stlth   +++.......              (no amulet)
HPRegen 0.15/turn               u - +6 ring of intelligence
MPRegen 0.14/turn               v - ring of positive energy

@: repel missiles
A: reduced essence, (nimble swimmer 2), mertail
a: Renounce Religion, Recall Ancestor, Ancestor Identity


You were on level 6 of the Dungeon.
You worshipped Hepliaklqana.
Hepliaklqana was aware of your devotion.
You visited 2 branches of the dungeon, and saw 7 of its levels.
You also visited: Sewer and Ossuary.

You collected 351 gold pieces.

Inventory:

Hand Weapons
 c - a +0 dagger
 s - a +1 short sword of draining (weapon)
 w - a +0 sling
 J - a +0 flail of protection
Missiles
 f - 59 stones
 p - 5 silver javelins
 x - 24 poisoned darts
Armour
 a - a +0 robe (worn)
 i - a +0 pair of gloves (worn)
 o - a scarf of repulsion (worn)
Jewellery
 u - a +6 ring of intelligence (left hand)
 v - a ring of positive energy (right hand)
Scrolls
 d - 3 scrolls of enchant armour
 m - a scroll of acquirement
 n - a scroll of blinking
 y - a scroll of vulnerability
 z - 4 scrolls of immolation
 B - a scroll of enchant weapon
 C - a scroll of silence {unknown}
 E - a scroll of fog {unknown}
 G - 3 scrolls of magic mapping {unknown}
 H - 2 scrolls of teleportation
 L - a scroll of summoning {unknown}
Potions
 b - 2 potions of magic
 e - a potion of lignification {unknown}
 g - 2 potions of berserk rage {unknown}
 h - 2 potions of haste {unknown}
 j - 5 potions of curing
 k - 2 potions of brilliance {unknown}
 l - a potion of heal wounds {unknown}
 q - a potion of mutation {unknown}
 r - 3 potions of might {unknown}
 t - 4 potions of flight {unknown}
 A - 3 potions of resistance {unknown}
 D - a potion of attraction {unknown}
 I - 2 potions of degeneration {unknown}
 K - 2 potions of cancellation {unknown}


   Skills:
 + Level 3.7 Short Blades
 + Level 2.1 Armour
 + Level 5.4 Dodging
 + Level 4.8 Stealth
 * Level 5.0 Spellcasting
 * Level 6.4 Summonings


You had 5 spell levels left.
You knew the following spells:

 Your Spells              Type           Power      Damage    Failure   Level
a - Summon Small Mammal   Summ           100%       N/A       1%          1
b - Call Imp              Summ           35%        N/A       1%          2
c - Beastly Appendage     Tmut           10%        N/A       10%         1
d - Call Canine Familiar  Summ           35%        N/A       1%          3
e - Summon Guardian Gole  Hex/Summ       20%        N/A       8%          3
f - Blink                 Tloc           10%        N/A       14%         2

Your spell library contained the following spells:

 Spells                   Type           Power      Damage    Failure   Level
 Wereblood                Tmut           5%         N/A       14%         2
 Summon Lightning Spire   Summ/Air       20%        N/A       24%         4
 Spider Form              Tmut/Pois      5%         N/A       28%         3
 Hailstorm                Conj/Ice       5%         3d4       67%         4
 Ice Form                 Ice/Tmut       5%         N/A       67%         4
 Manifold Assault         Tloc           5%         N/A       95%         5
 Simulacrum               Ice/Necr       2%         N/A       100%        6
 Storm Form               Tmut/Air       2%         N/A       100%        7


Dungeon Overview and Level Annotations

Branches:
Dungeon (6/15)             Temple (1/1) D:4           Sewer (visited)
Ossuary (visited)

Altars:
Ashenzari
Cheibriados
Dithmenos
Elyvilon
Fedhas
Gozag
Hepliaklqana
Kikubaaqudgha
Makhleb
Nemelex Xobeh
Okawaru
Qazlal
Ru
Sif Muna
Trog
Uskayaw
Vehumet
Wu Jian
Yredelemnul
Zin

Shops:
D:1 [


Innate Abilities, Weirdness & Mutations

Your life essence is reduced to manifest your ancestor. (-10% HP)
((You are very nimble when in or above water. (Stealth+, EV+, Speed+++)))
Your lower body shifts to a powerful aquatic tail in water.


Message History

Ilanqa hits the troll but does no damage.
You see here a +0 spear.
Casting: Call Canine Familiar (safe; 1% risk of failure)
Confirm with . or Enter, or press ? or * to list all spells.
Casting: Call Canine Familiar (safe; 1% risk of failure)
Confirm with . or Enter, or press ? or * to list all spells.
Your wolf bites the troll but does no damage.
The troll bites your quokka!
Your quokka dies!
Your quokka's corpse disappears in a puff of smoke!
Ilanqa hits the troll!
Your wolf misses the troll.
Your wolf bites the troll.
Your wolf barely misses the troll.
Your wolf barely misses the troll.
There is a stone staircase leading up here.
Your wolf bites the troll!
You climb upwards.
There is a stone staircase leading down here.
You start resting.
Magic restored.
You climb downwards.
The troll barely misses you. The troll claws you but does no damage.
The troll claws you.
There is a stone staircase leading up here.
You hit the troll.
The troll is lightly wounded.
You hit the troll. You drain the troll.
The troll is moderately wounded.
The troll bites you! The troll claws you. The troll claws you!
You hit the troll.
The troll is moderately wounded.
The troll closely misses you. The troll misses you.
The troll barely misses you.
Ilanqa hits the troll.
You barely miss the troll.
The troll is moderately wounded.
The troll bites you!
* * * LOW HITPOINT WARNING * * *
The troll barely misses you. The troll closely misses you.
Ilanqa hits the troll.
The troll misses you. The troll claws you.
You die...

..... ..... ....
... # ### # #
####### ###
......# #@#
#..##.# #T#
#.....# #R###
#.##..# #.#.# #.#
#>... #.#.# ..#
#### #####.#.##
### ### #........#
#.####.###.#..####
#.##.........)...#


You could see the friendly Ilanqa the ancestor and a troll (drained, ally
target).

Vanquished Creatures
  An ice beast (D:5)
  A gnoll sergeant (D:3)
  An iguana (D:4)
  An orc wizard (D:3)
  A gnoll (D:2)
  2 orcs (D:4)
  A bat (D:3)
  A giant cockroach (D:3)
  3 gnoll zombies (Ossuary)
  A hobgoblin (D:1)
  A ball python (D:2)
  A bat simulacrum (Ossuary)
  An orc zombie (Ossuary)
  A rat (Sewer)
17 creatures vanquished.

Vanquished Creatures (collateral kills)
  Grinder (D:2)
  Sigmund (D:3)
  An ogre (D:5)
  A phantom (D:4)
  A kobold brigand (Sewer)
  A scorpion (D:6)
  A gnoll bouda (D:5)
  An orc priest (D:4)
  An iguana (D:6)
  2 orc wizards (D:4)
  A mummy (Ossuary)
  7 gnolls
  5 adders
  A river rat (Sewer)
  An ufetubus (D:4)
  3 worms
  5 orcs
  4 spectral bats (Ossuary)
  4 bats
  11 endoplasms
  3 giant cockroaches
  9 gnoll zombies (Ossuary)
  8 goblins
  7 hobgoblins
  8 ball pythons
  4 bat simulacra (Ossuary)
  3 frilled lizards
  4 goblin zombies (Ossuary)
  5 hobgoblin zombies (Ossuary)
  14 kobolds
  5 kobold simulacra (Ossuary)
  4 kobold zombies (Ossuary)
  4 orc zombies (Ossuary)
  5 rats
  A rat simulacrum (Ossuary)
  A spectral goblin (Ossuary)
  5 spectral kobolds (Ossuary)
  5 spectral rats (Ossuary)
148 creatures vanquished.

Vanquished Creatures (others)
  2 ancestors (D:6)
2 creatures vanquished.

Grand Total: 167 creatures vanquished

Notes
Turn   | Place    | Note
-------+----------+-------------------------------------------
     0 | D:1      | ueste the Merfolk Summoner began the quest for the Orb.
     0 | D:1      | Reached XP level 1. HP: 13/13 MP: 3/3
    85 | D:1      | Reached XP level 2. HP: 7/19 MP: 0/5
    88 | D:1      | Learned a level 2 spell: Call Imp
   700 | D:1      | Found a faded altar of an unknown god.
  1191 | D:1      | Reached XP level 3. HP: 24/24 MP: 1/6
  1243 | D:1      | Found Zoqeb's Antique Armour Boutique.
  2838 | D:2      | Learned a level 1 spell: Beastly Appendage
  2842 | D:2      | Learned a level 3 spell: Call Canine Familiar
  3164 | D:3      | Noticed Sigmund
  3195 | D:3      | Noticed Grinder
  3319 | D:3      | Noticed a gnoll sergeant
  3533 | D:2      | Identified a scroll of acquirement
  3835 | D:2      | Killed Grinder
  3836 | D:2      | Reached skill level 1 in Short Blades
  3836 | D:2      | Reached skill level 5 in Summonings
  3836 | D:2      | Reached XP level 4. HP: 30/30 MP: 6/9
  3836 | D:2      | Reached XP level 5. HP: 35/35 MP: 6/10
  3836 | D:2      | Reached XP level 6. HP: 41/41 MP: 6/11
  3992 | D:2      | Learned a level 3 spell: Summon Guardian Golem
  4431 | D:3      | Reached skill level 1 in Armour
  5211 | D:3      | Learned a level 2 spell: Blink
  6098 | D:3      | Killed Sigmund
  6099 | D:3      | Reached XP level 7. HP: 40/46 MP: 1/12
  6567 | D:4      | Found a glowing drain.
  6672 | Sewer    | Entered a sewer
  7567 | D:4      | Reached skill level 5 in Dodging
  7567 | D:4      | Reached XP level 8. HP: 42/52 MP: 3/14
  7697 | D:4      | Found a staircase to the Ecumenical Temple.
  7754 | D:4      | Reached skill level 6 in Summonings
  8256 | Temple   | Entered the Ecumenical Temple
  8256 | Temple   | Found a transporter.
  8256 | Temple   | Found a transporter.
  8258 | Temple   | Found a transporter.
  8258 | Temple   | Found a transporter.
  8282 | Temple   | Became a worshipper of Hepliaklqana the Forgotten
  8333 | D:5      | Entered Level 5 of the Dungeon
  8362 | D:5      | Found a sand-covered staircase.
  8367 | Ossuary  | Entered an ossuary
  9917 | D:5      | Found a bloodstained altar of Trog.
 10528 | D:6      | Reached skill level 5 in Spellcasting
 10546 | D:6      | Reached * piety under Hepliaklqana
 10764 | D:6      | Noticed a troll
 11439 | D:6      | Slain by a troll

Illustrated notes

Levels and vault maps discovered:
D:1:      reono_arrival_mine, layout_basic, basic_ecumenical_altar,
          serial_shops, nicolae_lakefront_shop, minmay_split_cup_large
D:2:      layout_rooms, serial_bayou_lagoon_a, minmay_tall_x
D:3:      layout_rooms, amethyst_killhole, uniq_grinder, uniq_sigmund
D:4:      layout_cave_pools, temple_doors_e, cheibrodos_sewer_entry_bend
D:5:      layout_basic, general_overflow_altar, enter_ossuary_2
D:6:      layout_basic, serial_shops, shop_coins, minmay_holes,
          minmay_misc_feat_nine_boxes, grunt_decor_resistance, uniq_eustachio,
          uniq_maggie, uniq_duvessa
Temple:   hellmonk_temple_divided_pantheon

Skill      XL: |  1  2  3  4  5  6  7  8 |
---------------+-------------------------+-----
Dodging        | 3 4 5 |  5.4
Short Blades   | 1 2 3 |  3.7
Stealth        | 3 4 |  4.8
Spellcasting   | 3 4 5 |  5.0
Summonings     | 5 6 |  6.4
Armour         | 1 2 |  2.1

Action                   |  1- 3 |  4- 6 |  7- 9 || total
-------------------------+-------+-------+-------++-------
Melee: Dagger            |    12 |       |       ||    12
       Short sword       |     1 |    13 |    66 ||    80
       Punch             |       |       |     2 ||     2
 Cast: Summon Small Mamm |    62 |    26 |    78 ||   166
       Call Imp          |    35 |    12 |    31 ||    78
       Beastly Appendage |     6 |       |       ||     6
       Call Canine Famil |     3 |    12 |    38 ||    53
       Summon Guardian G |       |     2 |    14 ||    16
       Blink             |       |       |     1 ||     1
Invok: Ancestor Identity |       |       |     1 ||     1
  Use: Scroll            |     5 |       |     4 ||     9
       Potion            |       |       |     2 ||     2
 Stab: Sleeping          |       |       |     1 ||     1
Armor: Robe              |     8 |     8 |    14 ||    30
Dodge: Dodged            |    23 |    56 |    66 ||   145
       Repelled          |     1 |       |       ||     1
